 Dungeon Crawl Stone Soup version 0.28-a0-71-g84acfa7270 (webtiles) character file.

Game seed: 4062903845792588810

328 mcsnuffy the Magician (level 6, -2/34 HPs)
             Began as a Deep Elf Air Elementalist on Aug 1, 2021.
             Killed from afar by an orc wizard (3 damage)
             ... with a magic dart
             ... on level 4 of the Dungeon.
             The game lasted 00:21:59 (5015 turns).

mcsnuffy the Magician (Deep Elf Air Elementalist)   Turns: 5015, Time: 00:22:00

Health: -2/34      AC:  2    Str: 15    XL:     6   Next: 25%
Magic:  16/17      EV: 13    Int: 22    God:
Gold:   124        SH:  0    Dex: 15    Spells: 11/17 levels left

rFire   . . .      SeeInvis +   w - +3 dagger of Ynta {spect, rN+ Str+4}
rCold   . . .      Faith    .   (no shield)
rNeg    + . .      Spirit   .   a - +0 robe
rPois   .          Reflect  .   (no helmet)
rElec   .          Harm     .   r - scarf {repulsion}
rCorr   .          Rampage  .   (no gloves)
Will    .....                   (no boots)
Stlth   ++........              (no amulet)
HPRegen 0.11/turn               S - +6 ring of strength
MPRegen 0.15/turn               v - ring of see invisible

@: repel missiles
A: no striking features
a: no special abilities


You were on level 4 of the Dungeon.
You visited 1 branch of the dungeon, and saw 4 of its levels.

You collected 124 gold pieces.


   Skills:
 - Level 1.1 Fighting
 + Level 3.7 Dodging
 - Level 2.4 Stealth
 - Level 6.0 Spellcasting
 - Level 1.1 Conjurations
 - Level 5.0 Air Magic


You had 11 spell levels left.
You knew the following spells:

 Your Spells              Type           Power      Damage    Failure   Level
i - Swiftness             Air            28%        N/A       3%          3
t - Static Discharge      Conj/Air       20%        N/A       4%          2
z - Shock                 Conj/Air       80%        1d8       2%          1

Your spell library contained the following spells:

 Spells                   Type           Power      Damage    Failure   Level
 Airstrike                Air            14%        N/A       12%         4
 Animate Dead             Necr           3%         N/A       65%         4
 Haunt                    Necr/Summ      3%         N/A       100%        7
 Infestation              Necr           3%         N/A       100%        8

Inventory:

Hand Weapons
 c - a +1 whip of distortion
 k - a +0 dagger
 t - a +2 dagger of venom
 w - the +3 dagger of Ynta (weapon) {spect, rN+ Str+4}
   (You took it off an orc on level 4 of the Dungeon)

   When its wielder attacks, the weapon's spirit leaps out and strikes again.
   The spirit shares a part of any damage it takes with its wielder.
   Str:       It affects your strength (+4).
   rN:        It protects you from negative energy.
Missiles
 u - 18 poisoned darts
Armour
 a - a +0 robe (worn)
 r - a scarf of repulsion (worn)
Jewellery
 v - a ring of see invisible (right hand)
 S - a +6 ring of strength (left hand)
Scrolls
 d - 2 scrolls of magic mapping
 e - a scroll of identify {@r1}
 i - a scroll of teleportation {unknown}
 m - a scroll of enchant armour {unknown}
 p - a scroll of immolation {unknown}
 x - a scroll of blinking {unknown}
Potions
 b - a potion of cancellation {unknown}
 f - a potion of magic {unknown}
 g - 2 potions of brilliance {unknown}
 h - 2 potions of might
 j - a potion of resistance {unknown}
 l - a potion of lignification {unknown}
 n - 2 potions of flight
 o - 2 potions of heal wounds {unknown}
 q - a potion of curing {unknown}
 s - a potion of ambrosia {unknown}

Dungeon Overview and Level Annotations

Branches:
Dungeon (4/15)
 Temple: D:4-7

Altars:
Makhleb

Annotations:
D:3 exclusion: downstairs

#.##..#.........####....... ##
####..#).................## .#
##............####......## .#
#####...#....[.)..## ##......# .#
#.##..#........÷...# ##...... ♣#
#.)#..##......##...####.......
.####...........###.....##.......
♣.♣P####.(......#.#..............
....PP###..####.@.#......####....
.♣#.P♣P##### ###...........#....
.####.P###.#######o.........#....
♣♣.## #♣.......#..o......##....#.
.)..## ♣♣......#...o....##.....#.
).)P.## #...#................#...
))).♣.####..###.o..........###...
♣#♣)).♣.##.>.#o..................
#♣♣.).#...........#............


You could see an orc priest and 2 orc wizards.


Message History

a +0 dagger; a goblin corpse You see here 16 stones.
An orc comes into view. It is wielding a +0 club.
An orc priest comes into view. It is wielding a +0 club.
The orc shouts!
The orc priest shouts!
Okay, then.
Casting: Shock (safe; 2% risk of failure)
Confirm with . or Enter, or press ? or * to list all spells.
Okay, then.
You hit the orc.
The orc is moderately wounded.
Your spectral +3 dagger of Ynta {spect, rN+ Str+4} hits the orc.
The orc priest mumbles some strange prayers to Beogh against you.
Beogh smites you! The orc hits you with a +0 club.
You closely miss the orc.
The orc is severely wounded.
Your spectral +3 dagger of Ynta {spect, rN+ Str+4} hits the orc!
You kill the orc!
The zap hits the orc priest!
The orc priest is heavily wounded.
You hear a shout!
The orc priest calls down the wrath of Beogh upon you.
Beogh smites you!
Ouch! That really hurt!
* * * LOW HITPOINT WARNING * * *
An orc wizard comes into view. It is wielding a +0 dagger.
The orc wizard shouts!
The orc wizard points at you and mumbles some strange words.
The magic dart hits you.
You die...

Skill      XL: |  1  2  3  4  5  6 |
---------------+-------------------+-----
Air Magic      | 4 5 |  5.0
Fighting       | 1 |  1.1
Spellcasting   | 4 6 |  6.0
Dodging        | 3 |  3.7
Stealth        | |  2.4
Conjurations   | |  1.1

Action                   |  1- 3 |  4- 6 || total
-------------------------+-------+-------++-------
Melee: Short sword       |    36 |       ||    36
       Dagger            |     3 |    49 ||    52
Throw: Dart              |       |    18 ||    18
 Cast: Shock             |    61 |    99 ||   160
  Use: Scroll            |       |     3 ||     3
 Stab: Sleeping          |     5 |       ||     5
Armor: Robe              |    13 |    10 ||    23
Dodge: Dodged            |    36 |    62 ||    98
       Repelled          |       |     1 ||     1

Levels and vault maps discovered:
D:1:      minmay_arrival_stair_chambers, layout_loops_ring, serial_rivers,
          chequers_serial_rivers_room_a, chequers_serial_rivers_room_b,
          chequers_serial_rivers_micro_b, chequers_serial_rivers_small_a
D:2:      layout_loops_ring
D:3:      layout_loops_ring, bloody_makhleb,
          hellmonk_ecumenical_altar_leap_of_faith
D:4:      kennysheep_kobold_camp, layout_cave_pools

Notes
Turn   | Place    | Note
-------+----------+-------------------------------------------
     0 | D:1      | mcsnuffy the Deep Elf Air Elementalist began the quest for
                  | the Orb.
     0 | D:1      | Reached XP level 1. HP: 10/10 MP: 6/6
   441 | D:1      | Reached XP level 2. HP: 15/15 MP: 6/8
   513 | D:1      | Reached skill level 4 in Air Magic
   747 | D:1      | Reached XP level 3. HP: 19/19 MP: 6/9
  1926 | D:2      | Reached XP level 4. HP: 18/24 MP: 2/10
  2209 | D:2      | Reached skill level 5 in Air Magic
  2710 | D:3      | Learned a level 3 spell: Swiftness
  2728 | D:3      | Reached skill level 1 in Fighting
  2869 | D:3      | Found a faded altar of an unknown god.
  3260 | D:3      | Found a burning altar of Makhleb.
  3715 | D:4      | Noticed a kobold brigand
  3774 | D:4      | Learned a level 2 spell: Static Discharge
  3832 | D:4      | Reached skill level 4 in Spellcasting
  3930 | D:4      | Reached XP level 5. HP: 29/29 MP: 7/13
  4095 | D:4      | Reached skill level 5 in Spellcasting
  4366 | D:4      | Reached skill level 6 in Spellcasting
  4366 | D:4      | Reached XP level 6. HP: 34/34 MP: 15/17
  4412 | D:4      | Reached skill level 3 in Dodging
  4608 | D:4      | Identified the +3 dagger of Ynta {spect, rN+ Str+4}
  5014 | D:4      | HP: 1/34 [orc priest/divine providence (17)]
  5015 | D:4      | Killed from afar by an orc wizard

Vanquished Creatures
  A kobold brigand (D:4)
  A scorpion (D:4)
  A centaur zombie (D:4)
  2 adders (D:2)
  An ufetubus (D:4)
  4 worms (D:2)
  9 orcs (D:4)
  7 bats
  7 endoplasms
  A giant cockroach (D:3)
  2 goblins
  6 hobgoblins
  20 jackals
  27 kobolds
  2 quokkas
  7 ball pythons
  5 frilled lizards
  11 rats
114 creatures vanquished.

Vanquished Creatures (others)
  52 plants (D:4)
52 creatures vanquished.

Grand Total: 166 creatures vanquished

Table legend: (Time is in decaauts)
 A = Elapsed time spent in this place.
 B = Non-inter-level travel time spent in this place.
 C = Inter-level travel time spent in this place.
 D = Time resting spent in this place.
 E = Time spent auto-exploring this place.
 F = Levels seen in this place.
 G = Mean time per level.
                   A        B        C        D        E       F      G
               +--------+--------+--------+--------+--------+-----+--------+
         Total |   5018 |   4928 |     90 |    683 |   3146 |   4 | 1254.5 |
       Dungeon |   5018 |   4928 |     90 |    683 |   3146 |   4 | 1254.5 |
               +--------+--------+--------+--------+--------+-----+--------+

Top non-repeatable levels by time:
     D:4: 1368 daAuts
     D:1: 1367 daAuts
     D:2: 1256 daAuts
     D:3: 1026 daAuts

Table legend:
 A = Non-vault XP
 B = Vault XP
 C = Vault XP percentage of total XP
 D = Non-vault monster count
 E = Vault monster count
 F = Vault count percentage of total count
                 A         B        C        D         E       F
            +---------+---------+-------+---------+---------+-------
      Total |     342 |     127 |  27.1 |      93 |      21 |  18.4
            +---------+---------+-------+---------+---------+-------
        D:1 |      54 |       0 |   0.0 |      31 |       0 |   0.0
        D:2 |      70 |       0 |   0.0 |      22 |       0 |   0.0
        D:3 |      31 |       0 |   0.0 |      20 |       0 |   0.0
        D:4 |     187 |     127 |  40.4 |      20 |      21 |  51.2
            +---------+---------+-------+---------+---------+-------
